 Dungeon Crawl Stone Soup version 0.30.1-11-g7821555f0a (webtiles) character file.

Game seed: 1759703464354403665

16948 Angrytalen2 the Severer (level 12, 0/96 HPs)
             Began as a Minotaur Gladiator on Dec 15, 2023.
             Was an Elder of Hepliaklqana.
             Slain by Snorg (8 damage)
             ... on level 14 of the Dungeon.
             The game lasted 00:53:51 (12978 turns).

Angrytalen2 the Severer (Minotaur Gladiator)       Turns: 12978, Time: 00:53:52

Health: 0/96       AC: 23    Str: 22    XL:     12   Next: 14%
Magic:  9/9        EV: 12    Int:  5    God:    Hepliaklqana [****..]
Gold:   385        SH:  0    Dex: 20    Spells: 11/11 levels left

rFire   + . .        T - +2 battleaxe (elec)
rCold   . . .        (shield currently unavailable)
rNeg    . . .        S - +0 plate armour
rPois   .            c - +0 hat
rElec   .            F - +0 cloak
rCorr   .            V - +0 pair of gloves
SInv    .            v - +0 pair of boots
Will    .....        i - amulet of the acrobat Stlth
                     P - +4 ring of protection
HPRegen 0.36/turn    R - +6 ring of dexterity
MPRegen 0.11/turn

%: acrobat
@: mighty
A: reduced essence, horns 2, retaliatory headbutt, fire resistance 1, low MP 1
a: Renounce Religion, Recall Ancestor, Ancestor Identity, Transference, Idealise


You were on level 14 of the Dungeon.
You worshipped Hepliaklqana.
Hepliaklqana was greatly pleased with you.
You visited 2 branches of the dungeon, and saw 15 of its levels.

You collected 777 gold pieces.
You spent 392 gold pieces at shops.

Inventory:

Hand Weapons
 B - a +2 war axe
 C - the +0 whip of Usaen {speed, *Slow rPois rN++ Str+3}
   (You found it on level 3 of the Dungeon)

   Str:       It affects your strength (+3).
   rPois:     It protects you from poison.
   rN:        It greatly protects you from negative energy.
   *Slow:     It may slow you when you take damage.
 M - a +3 halberd
 T - a +2 battleaxe of electrocution (weapon)
Missiles
 d - 5 throwing nets
 e - 9 javelins
 z - 20 poisoned darts (quivered)
Armour
 c - a +0 hat (worn)
 v - a +0 pair of boots (worn)
 F - a +0 cloak (worn)
 N - the +2 robe "Hucihu" {rElec Regen+ Int+2}
   (You found it on level 8 of the Dungeon)

   Int:       It affects your intelligence (+2).
   rElec:     It insulates you from electricity.
   Regen:     It increases your rate of health regeneration.
 S - a +0 plate armour (worn)
 V - a +0 pair of gloves (worn)
Jewellery
 f - a +4 ring of protection
 i - an amulet of the acrobat (around neck)
 w - a ring of poison resistance
 K - an amulet of regeneration
 P - a +4 ring of protection (left hand)
 R - a +6 ring of dexterity (right hand)
 U - the ring of Shadows {Umbra +Inv Stlth+}
   (You found it on level 11 of the Dungeon)

   [ring of stealth]

   Umbra:     It surrounds you with an aura of shadow, increasing your stealth
   and reducing the accuracy of all others within it.
   +Inv:      It lets you turn invisible.
   Stlth:     It makes you more stealthy.
Wands
 b - a wand of digging (5)
 j - a wand of iceblast (12)
 l - a wand of flame (9)
 D - a wand of mindburst (23)
 G - a wand of charming (2)
 O - a wand of acid (2)
Scrolls
 g - a scroll of identify
 n - 3 scrolls of vulnerability
 q - 3 scrolls of poison
 r - 2 scrolls of silence
 s - 3 scrolls of fog
 t - 3 scrolls of fear {unknown}
 u - 3 scrolls of amnesia
 x - 3 scrolls of magic mapping
 y - 6 scrolls of teleportation
 A - 6 scrolls of immolation
 E - a scroll of torment {unknown}
 I - 2 scrolls of enchant armour {unknown}
 J - 2 scrolls of enchant weapon
Potions
 a - a potion of cancellation {unknown}
 k - 2 potions of lignification
 m - 2 potions of might
 o - a potion of mutation
 H - a potion of haste
 Q - 5 potions of curing {unknown}


   Skills:
 * Level 10.5 Fighting
 - Level 16.7(16.9) Axes
 - Level 4.1(11.7) Maces & Flails
 - Level 2.0 Throwing
 * Level 11.2 Armour
 * Level 9.5 Dodging
 - Level 0.5 Stealth


You had 11 spell levels left.
You didn't know any spells.
Your spell library contained the following spells:

 Spells                   Type           Power      Damage    Failure   Level
 Shock                    Conj/Air       0%         1d3       100%        1
 Summon Small Mammal      Summ           0%         N/A       100%        1
 Ensorcelled Hibernation  Hex/Ice        0%         N/A       100%        2
 Passwall                 Tmut/Erth      0%         N/A       100%        2
 Call Canine Familiar     Summ           0%         N/A       100%        3
 Hailstorm                Conj/Ice       0%         3d3       100%        3
 Ignite Poison            Fire/Tmut/Pois 0%         N/A       100%        3
 Mephitic Cloud           Conj/Pois/Air  0%         N/A       100%        3
 Spider Form              Tmut/Pois      0%         N/A       100%        3
 Summon Guardian Golem    Hex/Summ       0%         N/A       100%        3
 Swiftness                Air            0%         N/A       100%        3
 Anguish                  Hex/Necr       0%         N/A       100%        4
 Ice Form                 Ice/Tmut       0%         N/A       100%        4
 Sticky Flame             Conj/Fire      0%         2d3       100%        4
 Summon Ice Beast         Ice/Summ       0%         N/A       100%        4
 Summon Lightning Spire   Summ/Air       0%         N/A       100%        4
 Fireball                 Conj/Fire      0%         3d3       100%        5
 Iskenderun's Battlesphe  Conj           0%         2d6       100%        5
 Summon Mana Viper        Hex/Summ       0%         N/A       100%        5
 Iron Shot                Conj/Erth      0%         9d1       100%        6
 Simulacrum               Ice/Necr       0%         N/A       100%        6
 Monstrous Menagerie      Summ           0%         N/A       100%        7
 Spellforged Servitor     Conj/Summ      0%         N/A       100%        7
 Storm Form               Tmut/Air       0%         N/A       100%        7
 Ignition                 Fire           0%         3d3       100%        8
 Maxwell's Capacitive Co  Air            0%         ∞         100%        8


Dungeon Overview and Level Annotations

Branches:
Dungeon (14/15)            Temple (1/1) D:7            Lair (0/5) D:9
    Orc (0/2) D:11
 Vaults: D:13-14

Altars:
Ashenzari
Cheibriados
Dithmenos
Elyvilon
Fedhas
Gozag
Hepliaklqana
Kikubaaqudgha
Makhleb
Nemelex Xobeh
Okawaru
Qazlal
Ru
Sif Muna
Trog
Uskayaw
Vehumet
Wu Jian
Xom
Yredelemnul
Zin
The Shining One
Lugonu

Shops:
D:2 :   D:9 *

Annotations:
D:6 3 runed translucent doors, Azazsd's ghost, novice DsHu
D:14 Snorg


Innate Abilities, Weirdness & Mutations

Your life essence is reduced to manifest your ancestor. (-10% HP)
You have a pair of horns on your head.
You reflexively headbutt those who attack you in melee.
Your flesh is heat resistant. (rF+)
Your magical capacity is low. (-10% MP)


Message History

You destroy the skeletal warrior!
You slice Snorg!!
Snorg is lightly wounded.
Snorg bites you!!
* * * LOW HITPOINT WARNING * * *
Snorg barely misses you. Snorg claws you.
* * * LOW HITPOINT WARNING * * *
Snorg bites you but does no damage. Snorg claws you but does no damage.
Snorg claws you.
* * * LOW HITPOINT WARNING * * *
You feel much better. Snorg bites you but does no damage.
Snorg barely misses you. Snorg closely misses you.
You slice Snorg!! You headbutt Snorg!
Snorg is moderately wounded.
Snorg bites you but does no damage. Snorg barely misses you. Snorg claws you.
You slash Snorg! Your headbutt misses Snorg.
Snorg is heavily wounded.
Snorg bites you! Snorg closely misses you. Snorg claws you but does no damage.
Snorg closely misses you. Snorg claws you but does no damage.
Snorg closely misses you.
You closely miss Snorg. Your headbutt misses Snorg.
Snorg is heavily wounded.
Snorg bites you!
* * * LOW HITPOINT WARNING * * *
Snorg claws you!
* * * LOW HITPOINT WARNING * * *
Snorg claws you.
* * * LOW HITPOINT WARNING * * *
You feel much better. Snorg bites you!!
* * * LOW HITPOINT WARNING * * *
Snorg claws you but does no damage. x2
You feel much better. Snorg bites you but does no damage. Snorg claws you!
Snorg claws you but does no damage. Snorg bites you!!
* * * LOW HITPOINT WARNING * * *
Snorg claws you but does no damage. Snorg claws you.
* * * LOW HITPOINT WARNING * * *
You slash Snorg!
Snorg is heavily wounded.
Snorg bites you but does no damage. Snorg claws you!
You die...

,,,,*,*,*,,,,,#.....# *,****,
***,*,*,,,,*,,#.....# *,,,,,,
,,*,*,****,**,#.....###**********
,,+,*,,,,,,**,#).......,,,,,,,,,*
*****,***,,**,#.#**************,*
,,,,,,* *,,**,#z##### *,* ,,,**,*
*,,,,,#.....# *,* ,,,,,,*
*,#########.#######****,* ****,,*
*,#.....@Tz...(....,,,,,* ,,,,,**
*,#.#######(#######****** ,,,,,,*
*,#.#...,,#..T.T.# ,,....#
*,#.##.#*.##..##.# **#...*
*,#.##.##......#+***** ,,#...*
*,#.##.....?.#...,,,,* ,,#..,*
*,#.....###,#.....,,,* ,,#..,*
*,##).....#,+......,,* ,*#^#**
*,*#......###......,,*


You could see Snorg (berserk) and a skeletal warrior.

Vanquished Creatures
  A tengu warrior (D:11)
  7 skeletal warriors (D:14)
  A deep elf archer (D:12)
  A wizard (D:12)
  A manticore (D:12)
  A gargoyle (D:12)
  A komodo dragon (D:12)
  An unseen horror (D:11)
  2 trolls
  A hornet (D:9)
  3 shadows
  17 yaks
  3 vampires
  A wraith (D:11)
  2 wyverns
  A steam dragon (D:8)
  A vampire mosquito (D:12)
  A water moccasin (D:7)
  An orc warrior (D:9)
  2 sky beasts
  2 black bears
  An ice beast (D:4)
  2 ogres
  2 centaurs (D:10)
  A kobold brigand (D:7)
  2 phantoms
  A bullfrog (D:7)
  3 gnoll sergeants
  3 scorpions
  8 wights
  5 killer bees (D:11)
  A howler monkey (D:5)
  2 electric eels (D:10)
  7 orc priests
  2 hounds
  A jelly (D:8)
  Ijyb (D:3)
  A sleepcap (D:6)
  2 iguanas
  3 orc wizards
  11 gnolls
  16 adders
  2 shadow imps
  4 white imps
  2 ufetubi (D:6)
  4 worms
  5 dart slugs
  22 orcs
  8 bats
  8 endoplasms
  3 giant cockroaches
  8 goblins
  10 hobgoblins
  4 jackals (D:1)
  2 quokkas
  15 ball pythons
  A frilled lizard (D:1)
  17 kobolds
  5 rats
246 creatures vanquished.

Vanquished Creatures (collateral kills)
  A skeletal warrior (D:14)
  Maurice (D:11)
  A shadow (D:10)
  An acid dragon (D:9)
  A water moccasin (D:6)
  2 orc warriors
  An ice beast (D:8)
  A sky beast (D:8)
  A kobold brigand (D:9)
  A bullfrog (D:9)
  A wight (D:10)
  An electric eel (D:10)
  An orc wizard (D:6)
  A sleepcap (D:7)
  3 orcs
  3 kobolds
21 creatures vanquished.

Vanquished Creatures (others)
  2 hexers
2 creatures vanquished.

Grand Total: 269 creatures vanquished

Notes
Turn   | Place    | Note
-------+----------+-------------------------------------------
     0 | D:1      | Angrytalen2 the Minotaur Gladiator began the quest for the
                  | Orb.
     0 | D:1      | Reached XP level 1. HP: 18/18 MP: 0/0
   102 | D:1      | Reached skill level 4 in Axes
   130 | D:1      | Reached XP level 2. HP: 23/25 MP: 1/1
   405 | D:1      | Reached skill level 5 in Axes
   436 | D:1      | Reached XP level 3. HP: 30/30 MP: 2/2
   437 | D:1      | Noticed an eye of devastation
   439 | D:1      | Found a faded altar of an unknown god.
   441 | D:1      | Noticed a shining eye
   448 | D:1      | Noticed a floating eye
   453 | D:1      | Noticed a shining eye
   897 | D:2      | Found Difoyp's Book Boutique.
  1036 | D:2      | Reached skill level 6 in Axes
  1036 | D:2      | Reached XP level 4. HP: 20/37 MP: 3/3
  1736 | D:3      | Noticed a black bear
  1740 | D:3      | Reached skill level 7 in Axes
  1740 | D:3      | Reached XP level 5. HP: 42/42 MP: 4/4
  1752 | D:3      | Killed a black bear
  1877 | D:3      | Reached skill level 8 in Axes
  1967 | D:3      | Reached XP level 6. HP: 39/50 MP: 5/5
  2409 | D:3      | Found a faded altar of an unknown god.
  2415 | D:3      | Found a bloodstained altar of Trog.
  2457 | D:3      | Identified the +0 whip of Usaen {speed, *Slow rPois rN++
                  | Str+3}
  2612 | D:3      | Noticed Ijyb
  2633 | D:3      | Killed Ijyb
  2634 | D:3      | Reached skill level 9 in Axes
  2911 | D:4      | Found an ornate altar of the Wu Jian Council.
  3148 | D:4      | Found a glowing silver altar of Zin.
  3552 | D:4      | Found a stormy altar of Qazlal.
  3914 | D:5      | Entered Level 5 of the Dungeon
  3915 | D:5      | Noticed an ice beast
  3928 | D:4      | Killed an ice beast
  3929 | D:4      | Reached skill level 1 in Maces & Flails
  3929 | D:4      | Reached XP level 7. HP: 25/56 MP: 6/6
  4046 | D:5      | Reached skill level 10 in Axes
  4159 | D:5      | Found a white marble altar of Elyvilon.
  4159 | D:5      | Found a blossoming altar of Fedhas.
  4160 | D:5      | Found a shimmering blue altar of Sif Muna.
  5020 | D:5      | Reached XP level 8. HP: 22/62 MP: 7/7
  5335 | D:6      | Reached XP level 9. HP: 82/82 MP: 8/8
  5352 | D:6      | Reached skill level 11 in Axes
  5610 | D:6      | Found a hazy altar of Hepliaklqana.
  5616 | D:6      | Became a worshipper of Hepliaklqana the Forgotten
  5928 | D:6      | Found a runed translucent gate.
  5948 | D:6      | Found a runed translucent gate.
  6028 | D:6      | Found a runed translucent gate.
  6029 | D:6      | Noticed Azazsd's ghost (novice DsHu)
  6318 | D:6      | Found a glowing golden altar of the Shining One.
  6581 | D:7      | Reached skill level 12 in Axes
  6596 | D:7      | Reached * piety under Hepliaklqana
  6736 | D:6      | Reached skill level 13 in Axes
  6781 | D:7      | Reached XP level 10. HP: 65/81 MP: 9/9
  7137 | D:7      | Got the Tome of the Forceful Bane
  7227 | D:7      | Found a staircase to the Ecumenical Temple.
  7242 | Temple   | Entered the Ecumenical Temple
  7572 | D:8      | Reached ** piety under Hepliaklqana
  7573 | D:8      | Remembered your ancestor Amurritum as a hexer
  7928 | D:8      | Identified the +2 robe "Hucihu" {rElec Regen+ Int+2}
  7984 | D:8      | Found a broken altar of Ashenzari.
  8013 | D:8      | Reached skill level 14 in Axes
  8414 | D:9      | Found a staircase to the Lair.
  8485 | D:9      | Found an iron altar of Okawaru.
  8496 | D:9      | Found a basalt altar of Yredelemnul.
  8721 | D:9      | Found an ancient bone altar of Kikubaaqudgha.
  8762 | D:9      | Found Upogun's General Store.
  9031 | D:9      | Found a sacrificial altar of Ru.
  9266 | D:9      | Bought a scroll of enchant weapon for 82 gold pieces
  9266 | D:9      | Bought a +2 battleaxe of electrocution for 310 gold pieces
  9410 | D:10     | Entered Level 10 of the Dungeon
  9540 | D:10     | Reached *** piety under Hepliaklqana
  9571 | D:10     | Reached skill level 15 in Axes
  9853 | D:10     | Reached XP level 11. HP: 84/85 MP: 10/10
 10436 | D:10     | Gained mutation: Your magical capacity is low. (-10% MP)
                  | [potion of mutation]
 10436 | D:10     | Gained mutation: Your flesh is heat resistant. (rF+)
                  | [potion of mutation]
 10561 | D:11     | Found a staircase to the Orcish Mines.
 10636 | D:11     | Reached skill level 16 in Axes
 10751 | D:11     | Noticed a tengu warrior
 10765 | D:11     | Killed a tengu warrior
 10936 | D:11     | Noticed Maurice
 10950 | D:11     | Killed Maurice
 11081 | D:11     | Identified the +5 whip of the Flying Gods {freeze, rPois}
 11140 | D:11     | Found the ring of Shadows {Umbra +Inv Stlth+}
 11649 | D:12     | Noticed a deep elf archer
 11650 | D:12     | Noticed a wizard
 11946 | D:12     | Killed a wizard
 11951 | D:12     | Killed a deep elf archer
 12521 | D:12     | Reached **** piety under Hepliaklqana
 12621 | D:13     | You fall into a shaft and drop 1 floor!
 12632 | D:14     | Noticed a skeletal warrior
 12632 | D:14     | Noticed a skeletal warrior
 12645 | D:14     | Killed a skeletal warrior
 12646 | D:14     | Reached skill level 10 in Armour
 12646 | D:14     | Noticed a skeletal warrior
 12649 | D:14     | Killed a skeletal warrior
 12651 | D:14     | Noticed a skeletal warrior
 12655 | D:14     | Killed a skeletal warrior
 12665 | D:14     | Killed a skeletal warrior
 12666 | D:14     | Reached skill level 10 in Fighting
 12924 | D:14     | Noticed a skeletal warrior
 12927 | D:14     | Noticed a boulder beetle
 12927 | D:14     | Noticed a skeletal warrior
 12931 | D:14     | Noticed a skeletal warrior
 12935 | D:14     | Killed a skeletal warrior
 12936 | D:14     | Reached XP level 12. HP: 72/95 MP: 9/9
 12946 | D:14     | Noticed Snorg
 12978 | D:14     | Slain by Snorg

Illustrated notes

Levels and vault maps discovered:
D:1:      dpeg_arrival_simpleton_b, layout_basic,
          hellmonk_ecumenical_altar_watching_god, minivault_5,
          minmay_misc_feat_chi, dreamdust_wishing_well,
          minmay_misc_feat_encased, minmay_pentomino_o4
D:2:      layout_rooms, serial_shops, shop, grunt_decor_junction,
          grunt_ministairs_14, st_stairs_7, minmay_snake_closets
D:3:      layout_basic, nicolae_overflow_ecumenical_swirl, minmay_pentangle,
          uniq_ijyb
D:4:      layout_loops_ring, mainiacjoe_overflow_boulevard, grunt_qazlal_clouds,
          overflow_temple_1_default, serial_co_window_serial,
          co_window_of_opportunity_a, co_window_corner_a, co_window_corner_a,
          co_window_paths_a, co_window_paths_a, co_window_corner_a,
          co_window_of_opportunity_a, co_window_corner_a, co_window_corner_a,
          co_window_corner_ca, co_window_unsneaky_path_a, co_window_broadway_b,
          glass_columns_b, glass_columns_c
D:5:      layout_basic, chequers_temple_overflow_statue_of_worship
D:6:      layout_basic, tso_oasis_becter, lemuel_round_altar,
          gammafunk_ghost_necromancy
D:7:      nicolae_BIG_FREAKIN_CUBE, layout_rooms
D:8:      layout_loops_ring, ashenzari_conservatory_becter,
          eino_small_chamber_without_monster
D:9:      layout_loops_ring, mainiacjoe_overflow_catwalk_spiral,
          lemuel_round_altar, nicolae_ru_sacrificial_ziggurat,
          dpeg_oklobed_lair, serial_shops, nicolae_shop_advertising_works
          [nicolae_subvault_shop_adworks]
D:10:     layout_roguey, chequers_serial_rivers_small_b, serial_bayou_lagoon_b
D:11:     layout_loops_ring, orc_0_dummy, gauntlet_entry_generic, nrook_uturn,
          uniq_maurice
D:12:     layout_basic, minmay_bent
D:13:     layout_gridville
D:14:     layout_basic, david_vaults_4, yredelemnul_altar_generic, uniq_rupert,
          uniq_snorg
Temple:   corrupted_temple

Skill      XL: |  1  2  3  4  5  6  7  8  9 10 11 12 |
---------------+-------------------------------------+-----
Axes           | 4 5 6 7 8 9 10 13 15 16 | 16.7
Maces & Flails | 1 4 |  4.1
Fighting       | 8 10 | 10.5
Armour         | 8 10 11 | 11.2
Dodging        | 8 9 |  9.5
Throwing       | |  2.0
Stealth        | |  0.5

Action                     |  1- 3 |  4- 6 |  7- 9 | 10-12 || total
---------------------------+-------+-------+-------+-------++-------
  Melee: War axe           |    90 |   125 |    45 |       ||   260
         Headbutt          |     6 |    28 |    65 |   126 ||   225
         Whip              |       |    63 |   222 |   389 ||   674
         Punch             |       |       |     1 |     8 ||     9
         Battleaxe         |       |       |       |   112 ||   112
  Throw: Throwing net      |       |       |       |     2 ||     2
         Dart              |       |       |       |     3 ||     3
 Invoke: Ancestor Life: He |       |       |       |     1 ||     1
         Recall Ancestor   |       |       |       |     3 ||     3
    Use: Potion            |       |       |     9 |     8 ||    17
         Scroll            |       |       |     7 |     3 ||    10
   Stab: Confused          |       |       |       |    13 ||    13
         Distracted        |       |       |       |     5 ||     5
         Held in net/web   |       |       |       |     1 ||     1
 Armour: Chain mail        |    61 |    93 |    78 |    19 ||   251
         Plate armour      |       |       |       |    91 ||    91
         Robe              |       |       |       |     8 ||     8
  Dodge: Dodged            |    46 |    66 |    86 |   174 ||   372
